 Dungeon Crawl Stone Soup version 0.24-a0-769-g368c164 (webtiles) character file.

Game seed: 5220526009296075537, levelgen mode: deterministic

323 2tousent the Insei (level 6, -1/38 HPs)
             Began as an Octopode Transmuter on Oct 5, 2019.
             Slain by a crocodile (5 damage)
             ... in a sewer.
             The game lasted 00:07:10 (2261 turns).

2tousent the Insei (Octopode Transmuter)            Turns: 2261, Time: 00:07:10

Health: -1/38      AC:  1    Str:  9    XL:     6   Next: 47%
Magic:  10/10      EV: 13    Int: 12    God:
Gold:   49         SH:  0    Dex: 15    Spells: 5/11 levels left

rFire    . . .     SeeInvis .     - Unarmed
rCold    . . .     Gourm    .   (no shield)
rNeg     . . .     Faith    .   (helmet restricted)
rPois    .         Spirit   .   (no amulet)
rElec    .         Reflect  .   e - -3 ring of intelligence (curse)
rCorr    .         Harm     .   (no ring)
MR       .....                  (no ring)
Stlth    +++.......             (no ring)
HPRegen  0.12/turn              (no ring)
MPRegen  0.12/turn              (no ring)
                                (no ring)
                                (no ring)

@: appendage
A: almost no armour, stealthy swim, amphibious, 8 rings, constrict 8, tentacle
spike 3, camouflage 1, gelatinous body 1
a: End Transformation


You were in a sewer.
You were hungry.
One of your tentacles had a temporary spike.
You visited 1 branch of the dungeon, and saw 3 of its levels.
You also visited: Sewer.

You collected 49 gold pieces.

Inventory:

Missiles
 a - 36 arrows
Jewellery
 e - a cursed -3 ring of intelligence (left tentacle)
Wands
 f - a wand of polymorph (7)
Scrolls
 i - a scroll of teleportation
Potions
 d - a potion of curing
 g - 2 potions of invisibility {unknown}
 h - a potion of might {unknown}
 j - a potion of degeneration {unknown}
Comestibles
 b - a chunk of flesh
 c - 3 rations


   Skills:
 - Level 1.0 Fighting
 - Level 2.0 Dodging
 * Level 5.0 Unarmed Combat
 + Level 3.1 Spellcasting
 * Level 4.4 Transmutations


You had 5 spell levels left.
You knew the following spells:

 Your Spells              Type           Power        Failure   Level  Hunger
a - Beastly Appendage     Tmut           ##....       4%          1    #......
b - Blade Hands           Tmut           ##........   73%         5    ######.

Your spell library contained the following spells:

 Spells                   Type           Power        Failure   Level  Hunger
 Sticks to Snakes         Tmut           ##......     6%          2    ###....
 Confusing Touch          Hex            #.....       24%         1    #......
 Spider Form              Tmut/Pois      #.........   28%         3    ###....
 Confuse                  Hex            #.......     58%         3    ###....
 Gell's Gravitas          Tloc           #.........   58%         3    ###....
 Ice Form                 Ice/Tmut       #.......     67%         4    #####..
 Petrify                  Tmut/Erth      #.......     67%         4    #####..
 Yara's Violent Unravell  Hex/Tmut       #.........   95%         5    ######.
 Metabolic Englaciation   Hex/Ice        #.........   100%        5    ######.


Dungeon Overview and Level Annotations

Branches:
Dungeon (3/15)              Sewer (1/1)

Altars:
Kikubaaqudgha
Trog


Innate Abilities, Weirdness & Mutations

You cannot wear most types of armour.
You are very stealthy in the water. (Stealth+)
You are amphibious.
You can wear up to eight rings at the same time.
You can use your tentacles to constrict eight enemies at once.
Your skin changes colour to match your surroundings (Stealth+).
Your rubbery body absorbs attacks. (AC +1, EV +1)
One of your tentacles bears a large vicious spike.


Message History

The crocodile closely misses you.
You tentacle-slap the crocodile.
The crocodile is heavily wounded.
The crocodile bites you!
* * * LOW HITPOINT WARNING * * *
You tentacle-slap the crocodile but do no damage.
The crocodile is heavily wounded.
The crocodile bites you but does no damage.
You closely miss the crocodile.
You pierce the crocodile.
The crocodile is severely wounded.
The crocodile closely misses you.
You barely miss the crocodile.
The crocodile is severely wounded.
You are feeling hungry.
The crocodile closely misses you.
You tentacle-slap the crocodile but do no damage.
You pierce the crocodile, but do no damage.
The crocodile is severely wounded.
The crocodile bites you.
You die...

######## ###......###
# ###....≈≈≈≈..### ?#
###..≈..####....≈##./#
#.≈...### ###≈≈≈.≈###
≈≈.≈.## ##.@t≈≈.#
#.≈.≈≈# #...≈.###
###.≈..≈# #.....##.!#
###..≈...≈≈..### "#
##....≈.## # ######


You could see a crocodile.

Vanquished Creatures
  Sigmund (D:2)
  Crazy Yiuf (D:2)
  Natasha (D:2)
  Robin (D:2)
  4 adders
  An ooze (D:2)
  3 giant cockroaches
  16 goblins
  7 hobgoblins
  2 jackals (Sewer)
  9 kobolds
  5 bats
  A frilled lizard (D:2)
  5 rats
57 creatures vanquished.

Notes
Turn   | Place    | Note
-------+----------+-------------------------------------------
     0 | D:1      | 2tousent the Octopode Transmuter began the quest for the
                  | Orb.
     0 | D:1      | Reached XP level 1. HP: 13/13 MP: 3/3
   297 | D:1      | Reached XP level 2. HP: 13/18 MP: 3/5
   868 | D:2      | Found a runed translucent door.
   869 | D:2      | Noticed Crazy Yiuf
   873 | D:2      | Killed Crazy Yiuf
   873 | D:2      | Reached XP level 3. HP: 23/23 MP: 4/6
   948 | D:2      | Noticed Natasha
   953 | D:2      | Killed Natasha
   953 | D:2      | Reached XP level 4. HP: 8/28 MP: 7/7
  1235 | D:2      | Reached skill level 4 in Unarmed Combat
  1319 | D:2      | Noticed Robin
  1326 | D:2      | Killed Robin
  1374 | D:2      | Reached XP level 5. HP: 19/33 MP: 7/9
  1511 | D:2      | Learned a level 5 spell: Blade Hands
  1631 | D:2      | Noticed Sigmund
  1644 | D:2      | Killed Sigmund
  1644 | D:2      | Reached XP level 6. HP: 38/38 MP: 8/10
  1776 | D:2      | Found a bloodstained altar of Trog.
  1987 | D:2      | Found an ancient bone altar of Kikubaaqudgha.
  2078 | D:3      | Found a glowing drain.
  2095 | D:3      | Reached skill level 5 in Unarmed Combat
  2181 | Sewer    | Entered a sewer
  2261 | Sewer    | Slain by a crocodile

Levels and vault maps discovered:
D:1:      dpeg_arrival_stone_temple_mockup, layout_loops_ring, minivault_25
D:2:      layout_loops_ring, lemuel_coloured_pillars_altar,
          overflow_temple_1_default, uniq_sigmund, uniq_crazy_yiuf_cottage,
          uniq_robin, uniq_natasha
D:3:      layout_loops_corners, gup_sewer_entry_glass, uniq_ijyb
Sewer:    sewer_the_crocodile

Skill      XL: |  1  2  3  4  5  6 |
---------------+-------------------+-----
Transmutations | 3 4 |  4.4
Unarmed Combat | 4 5 |  5.0
Spellcasting   | 3 |  3.1
Fighting       | |  1.0
Dodging        | |  2.0

Action                   |  1- 3 |  4- 6 || total
-------------------------+-------+-------++-------
Melee: Unarmed           |    48 |    99 ||   147
       Constrict         |    15 |    19 ||    34
       Tentacles         |    12 |    18 ||    30
       Kick              |     3 |    16 ||    19
       Punch             |       |     2 ||     2
 Cast: Beastly Appendage |     6 |     9 ||    15
  Use: Potion            |       |     1 ||     1
       Scroll            |       |     3 ||     3
 Stab: Sleeping          |     5 |       ||     5
       Distracted        |       |     1 ||     1
  Eat: Chunk             |       |     4 ||     4
Armor: Skin              |     5 |     5 ||    10
Dodge: Dodged            |    18 |    43 ||    61

Table legend:
 A = Non-vault XP
 B = Vault XP
 C = Vault XP percentage of total XP
 D = Non-vault monster count
 E = Vault monster count
 F = Vault count percentage of total count
                 A         B        C        D         E       F
            +---------+---------+-------+---------+---------+-------
      Total |      67 |     395 |  85.5 |      32 |      25 |  43.9
            +---------+---------+-------+---------+---------+-------
        D:1 |      26 |       0 |   0.0 |      17 |       0 |   0.0
        D:2 |      41 |     345 |  89.4 |      15 |      16 |  51.6
        D:3 |       0 |      41 | 100.0 |       0 |       4 | 100.0
      Sewer |       0 |       9 | 100.0 |       0 |       5 | 100.0
            +---------+---------+-------+---------+---------+-------
